 Dungeon Crawl Stone Soup version 0.23-a0-345-g28c3e8efcb (webtiles) character file.

18607 MAGA the Severer (level 12, -3/113 HPs)
             Began as a Hill Orc Fighter on Oct 20, 2018.
             Was a High Priest of Okawaru.
             Slain by a swamp worm (7 damage)
             ... on level 2 of the Lair of Beasts.
             The game lasted 00:40:57 (10888 turns).

MAGA the Severer (Hill Orc Fighter)                Turns: 10888, Time: 00:41:00

Health: -3/113     AC: 18    Str: 24    XL:     12   Next: 60%
Magic:  11/12      EV:  8    Int:  8    God:    Okawaru [*****.]
Gold:   642        SH:  0    Dex: 10    Spells: 11/11 levels left

rFire    . . .     SeeInvis .   M - +1 battleaxe (vamp)
rCold    . . .     Gourm    .   (shield currently unavailable)
rNeg     . . .     Faith    .   g - +0 chain mail
rPois    +         Spirit   .   (no helmet)
rElec    .         Reflect  .   B - +2 cloak {rPois}
rCorr    +         Harm     .   l - +0 pair of gloves
MR       .....                  z - +0 pair of boots
Stlth    ..........             F - amulet of regeneration
HPRegen  0.68/turn              A - ring of resist corrosion
MPRegen  0.13/turn              (no ring)

@: about to teleport, hasted and slowed
A: no striking features
a: Heroism, Finesse, Renounce Religion


You were on level 2 of the Lair of Beasts.
You worshipped Okawaru.
Okawaru was extremely pleased with you.
You were not hungry.

You visited 3 branches of the dungeon, and saw 12 of its levels.

You collected 642 gold pieces.

Inventory:

Hand Weapons
 a - a +0 war axe
 j - a +2 scimitar of flaming
 o - a +1 dagger of venom
 s - a +3 quarterstaff of chaos
 M - a +1 vampiric battleaxe (weapon)
 P - the +4 mace of Discomfort {venom, rElec rC+++ Dex-3 Stlth+}
   (You took it off an orc priest on level 7 of the Dungeon)

   It poisons the flesh of those it strikes.
   It affects your dexterity (-3).
   It renders you almost immune to cold.
   It insulates you from electricity.
   It makes you more stealthy.
 S - a +2 great mace of pain
Missiles
 v - 6 tomahawks of returning (quivered)
 D - 3 throwing nets
Armour
 b - a +0 scale mail
 c - a +0 shield
 g - a +0 chain mail (worn)
 l - a +0 pair of gloves (worn)
 t - a +0 cloak
 z - a +0 pair of boots (worn)
 B - a +2 cloak of poison resistance (worn)
 K - the +2 helmet "Batojim" {Str+3, unknown}
   (Okawaru gifted it to you on level 2 of the Lair of Beasts)

   It affects your strength (+3).
Jewellery
 m - an uncursed amulet of guardian spirit
 A - a ring of resist corrosion (left hand)
 F - an amulet of regeneration (around neck)
 L - an uncursed amulet of rage
 Q - an uncursed amulet of the gourmand
Wands
 i - a wand of enslavement (12)
 r - a wand of iceblast (10)
 y - a wand of paralysis (15)
 C - a wand of flame (50)
 E - a wand of polymorph (36)
 I - a wand of random effects (58)
Scrolls
 e - a scroll of remove curse
 n - a scroll of teleportation
 q - a scroll of amnesia
 u - a scroll of blinking {unknown}
 x - 2 scrolls of magic mapping
 G - 2 scrolls of enchant armour
 J - a scroll of fog
 O - a scroll of brand weapon
 R - 2 scrolls of random uselessness {unknown}
 T - 2 scrolls of immolation {unknown}
 U - 3 scrolls of identify
Potions
 d - 3 potions of might
 h - 6 potions of curing
 k - 3 potions of agility
 p - 2 potions of haste
 w - 5 potions of brilliance
Comestibles
 f - 13 rations
 H - 25 chunks of flesh


   Skills:
 + Level 12.4 Fighting
 * Level 17.6 Axes
 + Level 11.5 Armour
 - Level 3.2 Shields


You had 11 spell levels left.
You didn't know any spells.
Your spell library contained the following spells:

 Spells                   Type           Power        Failure   Level  Hunger
 Magic Dart               Conj           #...         91%         1    ##.....
 Searing Ray              Conj           #.....       97%         2    ###....
 Dazzling Spray           Conj/Hex       #.....       100%        3    ####...
 Force Lance              Conj/Tloc      #.......     100%        4    #####..
 Fulminant Prism          Conj/Hex       #.........   100%        4    #####..
 Iskenderun's Mystic Bla  Conj           #.......     100%        4    #####..


Dungeon Overview and Level Annotations

Branches:
Dungeon (9/15)             Temple (1/1) D:6            Lair (2/6) D:9
  Swamp: Lair:2-4    Shoals: Lair:2-4     Snake: Lair:2-4    Spider: Lair:2-4
    Orc: D:9-12

Altars:
Ashenzari
Cheibriados
Dithmenos
Elyvilon
Fedhas
Gozag
Hepliaklqana
Kikubaaqudgha
Makhleb
Nemelex Xobeh
Okawaru
Qazlal
Ru
Sif Muna
Trog
Uskayaw
Vehumet
Wu Jian
Xom
Yredelemnul
Zin
The Shining One


Message History

The torpor snail seems to regain its courage.
Cornered, the swamp worm turns to fight!
The tyrant leech bites you but does no damage.
The swamp worm throws harpoon shot at you.
The harpoon shot hits you!
* * * LOW HITPOINT WARNING * * *
You are yanked forward by the harpoon shot.
Okay, then.
As you read the scroll of teleportation, it crumbles to dust.
You feel strangely unstable.
The swamp worm bites you but does no damage.
As you read the scroll labeled POL VI OS QUEH, it crumbles to dust.
It is a scroll of amnesia.
You feel forgetful for a moment.
You feel like a meek peon again. The tyrant leech bites you!!
* * * LOW HITPOINT WARNING * * *
The tyrant leech draws strength from your injuries!
The swamp worm bites you!
You die...

#..P###.#.#...#..# ###
#..## ####.###..## #..#
### #..# #.รท# ....#
##.## #.### #..# P..# .#
#.## ### #..
....##.#####w### ##.#
#........##.@w###..#
#.#.........w...##..#####
##....P...............#
#.P...#.#.#.#[..<#...#
###.........####..# .#
#...#.P...# #.##
#..####.#.# #.# ##.#
#.... ... P. ..#.## #.#


You could see a tyrant leech, a torpor snail and a swamp worm.

Vanquished Creatures
  Gastronok (Lair:2)
  Harold (Lair:2)
  Erica (D:8)
  2 two-headed ogres
  A cyclops (D:8)
  A torpor snail (Lair:2)
  A black mamba (Lair:2)
  2 spiny frogs (Lair:2)
  2 rime drakes (Lair:2)
  A komodo dragon (Lair:2)
  4 tyrant leeches (Lair:1)
  Prince Ribbit (D:6)
  6 blink frogs (Lair:1)
  8 hippogriffs
  Sigmund (D:3)
  A spriggan (D:8)
  15 yaks
  A wyvern (D:8)
  A hungry ghost (D:7)
  7 water moccasins
  A porcupine (Lair:1)
  2 phantoms (D:4)
  A sky beast (D:5)
  2 orc warriors (D:7)
  7 ice beasts
  2 black bears (D:9)
  7 ogres
  4 centaurs
  3 wolves (Lair:2)
  2 crocodiles
  A big kobold (D:5)
  8 bullfrogs
  A water moccasin skeleton (D:5)
  A scorpion (D:6)
  8 killer bees (D:8)
  2 electric eels (D:9)
  3 howler monkeys (D:7)
  A crimson imp (D:6)
  A bullfrog zombie (D:5)
  3 centaur zombies
  2 hounds (D:9)
  An orc priest (D:7)
  4 jellies
  Crazy Yiuf (D:2)
  Ijyb (D:3)
  Jessica (D:2)
  An iguana (D:8)
  Natasha (twice) (D:3)
  4 orc wizards
  2 worker ants (D:6)
  A worker ant zombie (D:7)
  4 gnolls (D:7)
  14 adders
  A shadow imp (D:7)
  An ooze (D:5)
  2 adder skeletons
  4 worms
  3 dart slugs
  A leopard gecko (D:1)
  17 orcs
  2 ball pythons (D:1)
  6 giant cockroaches
  10 goblins
  3 hobgoblins
  12 jackals
  12 kobolds
  2 quokkas (D:8)
  3 bats
  5 frilled lizards
  A jackal skeleton (D:6)
  3 leopard gecko zombies
  A quokka skeleton (D:5)
  10 rats
  A spectral orc (D:3)
  A plant (Lair:2)
257 creatures vanquished.

Vanquished Creatures (others)
  2 fungi
  2 plants (Lair:2)
  5 toadstools (D:1)
9 creatures vanquished.

Grand Total: 266 creatures vanquished

Notes
Turn   | Place    | Note
-------+----------+-------------------------------------------
     0 | D:1      | MAGA the Hill Orc Fighter began the quest for the Orb.
     0 | D:1      | Reached XP level 1. HP: 19/19 MP: 1/1
    82 | D:1      | Reached skill level 3 in Axes
   128 | D:1      | Reached XP level 2. HP: 25/27 MP: 2/2
   492 | D:1      | Reached XP level 3. HP: 32/33 MP: 3/3
   819 | D:2      | Reached skill level 4 in Axes
  1058 | D:2      | Found a faded altar of an unknown god.
  1171 | D:2      | Noticed Jessica
  1178 | D:2      | Killed Jessica
  1178 | D:2      | Reached XP level 4. HP: 30/41 MP: 4/4
  1190 | D:2      | Found a runed door.
  1257 | D:2      | Noticed Crazy Yiuf
  1261 | D:2      | Paralysed by Crazy Yiuf for 2 turns
  1264 | D:2      | Killed Crazy Yiuf
  1484 | D:2      | Reached skill level 5 in Axes
  1725 | D:3      | Reached XP level 5. HP: 43/47 MP: 5/5
  2057 | D:3      | Noticed Natasha
  2068 | D:3      | Killed Natasha
  2068 | D:3      | Reached skill level 5 in Fighting
  2068 | D:3      | Reached skill level 6 in Axes
  2068 | D:3      | Reached XP level 6. HP: 55/56 MP: 6/6
  2296 | D:3      | Noticed Ijyb
  2305 | D:3      | Killed Ijyb
  2329 | D:3      | Found a basalt altar of Yredelemnul.
  2420 | D:3      | Noticed Sigmund
  2437 | D:3      | Killed Sigmund
  2437 | D:3      | Reached skill level 7 in Axes
  2437 | D:3      | Reached skill level 5 in Armour
  2437 | D:3      | Reached XP level 7. HP: 52/61 MP: 7/7
  2558 | D:3      | Noticed Natasha
  2564 | D:3      | Killed Natasha
  3121 | D:4      | Found an opulent altar of Gozag.
  3271 | D:5      | Entered Level 5 of the Dungeon
  3347 | D:5      | Reached skill level 8 in Axes
  3456 | D:5      | Found a shimmering altar of Xom.
  3462 | D:5      | Reached XP level 8. HP: 52/71 MP: 8/8
  3529 | D:5      | Found a shadowy altar of Dithmenos.
  3788 | D:5      | Reached skill level 9 in Axes
  4280 | D:6      | Found a bloodstained altar of Trog.
  4293 | D:6      | Found a staircase to the Ecumenical Temple.
  4302 | Temple   | Entered the Ecumenical Temple
  4373 | Temple   | Became a worshipper of Warmaster Okawaru
  4757 | D:6      | Reached skill level 10 in Axes
  4945 | D:6      | Noticed Prince Ribbit
  4951 | D:6      | Killed Prince Ribbit
  4951 | D:6      | Reached * piety under Okawaru
  4951 | D:6      | Reached XP level 9. HP: 80/80 MP: 9/9
  4967 | D:6      | Found a hazy altar of Hepliaklqana.
  5369 | D:7      | Found a shattered altar of Ashenzari.
  5369 | D:7      | Found a burning altar of Makhleb.
  5372 | D:7      | Reached skill level 11 in Axes
  5579 | D:7      | Identified the +4 mace of Discomfort {venom, rElec rC+++
                  | Dex-3 Stlth+}
  5901 | D:7      | Reached ** piety under Okawaru
  5901 | D:7      | Reached skill level 12 in Axes
  6196 | D:7      | Reached XP level 10. HP: 82/91 MP: 10/10
  6529 | D:8      | Noticed a two-headed ogre
  6639 | D:8      | Killed a two-headed ogre
  6639 | D:8      | Reached skill level 13 in Axes
  6955 | D:8      | Found a glowing silver altar of Zin.
  7100 | D:8      | Noticed a cyclops
  7123 | D:8      | Killed a cyclops
  7286 | D:8      | Reached *** piety under Okawaru
  7477 | D:8      | Found a stormy altar of Qazlal.
  7517 | D:8      | Reached skill level 10 in Fighting
  7523 | D:8      | Reached skill level 14 in Axes
  7959 | D:8      | Noticed Erica
  7976 | D:8      | Killed Erica
  7976 | D:8      | Reached **** piety under Okawaru
  7976 | D:8      | Reached XP level 11. HP: 80/101 MP: 9/11
  8013 | D:8      | Found a sacrificial altar of Ru.
  8125 | D:9      | Found a staircase to the Lair.
  8345 | D:9      | Found an ancient bone altar of Kikubaaqudgha.
  8383 | D:9      | Reached skill level 15 in Axes
  8495 | D:9      | Noticed a two-headed ogre
  8507 | D:9      | Killed a two-headed ogre
  8507 | D:9      | Reached skill level 10 in Armour
  8526 | D:9      | Found a snail-covered altar of Cheibriados.
  8623 | D:9      | Reached ***** piety under Okawaru
  8884 | Lair:1   | Entered Level 1 of the Lair of Beasts
  9482 | Lair:1   | Received a gift from Okawaru
 10007 | Lair:2   | Reached skill level 16 in Axes
 10022 | Lair:2   | Noticed Gastronok
 10043 | Lair:2   | Killed Gastronok
 10043 | Lair:2   | Reached XP level 12. HP: 87/111 MP: 6/12
 10132 | Lair:2   | Noticed Harold
 10149 | Lair:2   | Killed Harold
 10149 | Lair:2   | Received a gift from Okawaru
 10150 | Lair:2   | Reached skill level 17 in Axes
 10450 | Lair:1   | HP: 1/112 [tyrant leech (18)]
 10885 | Lair:2   | Got a warped helmet {god gift}
 10888 | Lair:2   | HP: 4/113 [tyrant leech (22)]
 10888 | Lair:2   | Slain by a swamp worm

Vault maps used:
D:1:      ldierk_walled_garden, minivault_23
D:2:      chequers_ecumenical_altar_simple_redux, minmay_goblin_kobold_house,
          uniq_crazy_yiuf_cottage, uniq_jessica
D:3:      yredelemnul_forgotten_temple_becter, first_ration, uniq_natasha,
          uniq_ijyb, uniq_sigmund
D:4:      kennysheep_little_box, uniq_edmund
D:5:      nicolae_dithmenos_shadow_blocks, xom_butterflies
D:6:      kennysheep_mini_moat, minmay_temple_entry_mist, basic_altar,
          uniq_prince_ribbit1
D:7:      chequers_temple_overflow_statue_of_worship
D:8:      zin_statuary, nicolae_overflow_crystal_walls, hangedman_ru_absence,
          grunt_pizzeria, eino_jars, uniq_erica
D:9:      minmay_twisted_water, kennysheep_mini, basic_altar
Temple:   minmay_temple_curvy_loop
Lair:2:   gammafunk_ghost_arena, basic_altar, worms_lemuel,
          serial_bayou_shore_b, uniq_gastronok, uniq_harold

Skill      XL: |  1  2  3  4  5  6  7  8  9 10 11 12 |
---------------+-------------------------------------+-----
Axes           | 3 4 5 6 7 8 10 12 14 16 17 | 17.6
Fighting       | 4 5 6 7 9 10 11 12 | 12.4
Armour         | 4 5 7 8 9 10 11 | 11.5
Shields        | |  3.2

Action                   |  1- 3 |  4- 6 |  7- 9 | 10-12 || total
-------------------------+-------+-------+-------+-------++-------
Melee: War axe           |   126 |   149 |   255 |       ||   530
       Mace              |       |       |    70 |   347 ||   417
       Battleaxe         |       |       |       |   145 ||   145
Throw: Tomahawk          |       |       |     5 |       ||     5
Invok: Heroism           |       |       |     7 |    14 ||    21
Evoke: Wand              |       |       |    14 |     2 ||    16
  Use: Scroll            |     1 |       |     4 |    17 ||    22
       Potion            |       |     1 |       |     9 ||    10
 Stab: Paralysed         |       |       |    10 |     5 ||    15
  Eat: Chunk             |     1 |     4 |     6 |     6 ||    17
       Ration            |       |       |     3 |     4 ||     7
Armor: Scale mail        |    63 |       |       |       ||    63
       Chain mail        |     4 |   108 |   170 |   341 ||   623
Dodge: Dodged            |    77 |    67 |   134 |   225 ||   503

Table legend:
 A = Non-vault XP
 B = Vault XP
 C = Vault XP percentage of total XP
 D = Non-vault monster count
 E = Vault monster count
 F = Vault count percentage of total count
                 A         B        C        D         E       F
            +---------+---------+-------+---------+---------+-------
      Total |   19151 |    7431 |  28.0 |     224 |      32 |  12.5
            +---------+---------+-------+---------+---------+-------
        D:1 |      46 |       0 |   0.0 |      28 |       0 |   0.0
        D:2 |      67 |      81 |  54.7 |      13 |       6 |  31.6
        D:3 |     202 |     298 |  59.6 |      28 |       4 |  12.5
        D:4 |     258 |       0 |   0.0 |       4 |       0 |   0.0
        D:5 |     622 |       0 |   0.0 |      15 |       0 |   0.0
        D:6 |     833 |     274 |  24.8 |      22 |       1 |   4.3
        D:7 |    2453 |       0 |   0.0 |      39 |       0 |   0.0
        D:8 |    2853 |    1666 |  36.9 |      18 |      10 |  35.7
        D:9 |    2524 |     661 |  20.8 |      15 |       5 |  25.0
     Lair:1 |    4201 |    1168 |  21.8 |      21 |       4 |  16.0
     Lair:2 |    5092 |    3283 |  39.2 |      21 |       2 |   8.7
            +---------+---------+-------+---------+---------+-------
